 Dungeon Crawl Stone Soup version 0.31-a0-997-g9a2f3ffc92 (webtiles) character file.

Game seed: 11772070963911593552

1600018 Flugkiller the Warrior (level 25, 186/186 HPs)
             Began as a Mummy Air Elementalist on Nov 6, 2023.
             Was the Champion of Hepliaklqana.
             Escaped with the Orb
             ... and 3 runes on Nov 7, 2023!
             The game lasted 01:55:52 (72361 turns).

Flugkiller the Warrior (Mummy Air Elementalist)    Turns: 72361, Time: 01:55:52

Health: 186/186    AC: 18    Str: 10    XL:     25   Next: 39%
Magic:  45/45      EV: 27    Int: 30    God:    Hepliaklqana [******]
Gold:   5442       SH:  0    Dex: 19    Spells: 17/60 levels left

rFire   + + .        N - +3 Elemental Staff {ele, rElec rF+ rC+ AC+3}
rCold   + + .        f - crystal ball of Wucad Mu {*channel}
rNeg    + + +        O - +1 robe of Eguran {rCorr Int-5 Archmagi}
rPois   ∞            V - +2 helmet {Int+3}
rElec   +            E - +2 cloak {Will+}
rCorr   +            c - +2 pair of gloves
SInv    .            p - +2 pair of boots {Stlth+}
Will    ++++.        o - amulet of regeneration
Stlth   +            s - ring "Poonesk" {rF+ rN+ Str-3 Int+3 Dex+6}
HPRegen 1.31/turn    X - ring "Boczari" {rF+ EV+5 Str+2 Int+3}
MPRegen 0.29/turn

%: faith, archmagi, channel magic (40%)
@: studying 2 skills
A: reduced essence, cold resistance 1, negative energy resistance 3, torment
resistance 2, heat vulnerability 1, in touch with death 2, no potions, faith
0: Orb of Zot
}: 3/15 runes: decaying, serpentine, slimy
a: Renounce Religion, Recall Ancestor, Ancestor Identity, Transference, Idealise


You escaped.
You worshipped Hepliaklqana.
Hepliaklqana was exalted by your worship.
You visited 11 branches of the dungeon, and saw 52 of its levels.
You visited 2 bazaars.
You also visited: Bailey, Ice Cave, Volcano and Wizlab.

You collected 9068 gold pieces.
You spent 3626 gold pieces at shops.

Inventory:

Hand Weapons
 q - the +6 great sword "Vos Tiula" {chaos, rElec rC+ Str+2 Int-3}
   (You took it off a guardian mummy on level 4 of the Realm of Zot)

   Str+2:     It affects your strength (+2).
   Int-3:     It affects your intelligence (-3).
   rC+:       It protects you from cold.
   rElec:     It insulates you from electricity.
 r - the +6 longbow of an ossuary {drain, rF- rC+ Stlth+}
   (You took it off a guardian mummy on level 4 of the Realm of Zot)

   rF-:       It makes you vulnerable to fire.
   rC+:       It protects you from cold.
   Stlth+:    It makes you more stealthy.
 N - the +3 Elemental Staff (weapon) {ele, rElec rF+ rC+ AC+3}
   (You found it on level 14 of the Dungeon)

   AC+3:      It affects your AC (+3).
   rF+:       It protects you from fire.
   rC+:       It protects you from cold.
   rElec:     It insulates you from electricity.
Missiles
 G - 13 curare-tipped darts
 W - 3 throwing nets
Armour
 c - a +2 pair of gloves (worn)
   (You bought it in a shop on level 2 of the Orcish Mines)
 f - the crystal ball of Wucad Mu (worn) {*channel}
   (You found it in a wizard's laboratory)

   *Channel:  It often returns the magic spent to cast spells, but lowers their
   success rate.
   It always returns the magic spent on miscasts.
 j - the +2 scale mail of Hefaoh {rElec rC+ Dex+2}
   (You took it off a guardian mummy on level 4 of the Realm of Zot)

   Dex+2:     It affects your dexterity (+2).
   rC+:       It protects you from cold.
   rElec:     It insulates you from electricity.
 p - a +2 pair of boots of stealth (worn)
   (You found it on level 2 of the Depths)
 E - a +2 cloak of willpower (worn)
   (You found it on level 10 of the Dungeon)
 O - the +1 robe of Eguran (worn) {rCorr Int-5 Archmagi}
   (You found it on level 14 of the Dungeon)

   Int-5:     It affects your intelligence (-5).
   rCorr:     It protects you from acid and corrosion.
   Archmagi:  It increases the power of your magical spells.
 V - a +2 helmet of intelligence (worn)
   (You found it in an ice cave)
Jewellery
 g - the ring "Zoen" {Str+5 Int+6}
   (You took it off a deep elf elementalist on level 2 of the Elven Halls)

   [ring of intelligence]

   Str+5:     It affects your strength (+5).
   Int+6:     It affects your intelligence (+6).
 h - the ring of Dim Light {rPois Will+ Str+3}
   (You took it off a deep elf pyromancer on level 15 of the Dungeon)

   [ring of willpower]

   Str+3:     It affects your strength (+3).
   rPois:     It protects you from poison Will+: It increases your willpower.
 i - a ring of see invisible
   (You found it on level 2 of the Lair of Beasts)
 m - a ring of willpower
   (You found it on level 15 of the Dungeon)
 o - an amulet of regeneration (around neck)
   (You bought it in a shop on level 3 of the Dungeon)
 s - the ring "Poonesk" (left hand) {rF+ rN+ Str-3 Int+3 Dex+6}
   (You took it off a deep elf sorcerer on level 3 of the Elven Halls)

   [ring of dexterity]

   Str-3:     It affects your strength (-3).
   Int+3:     It affects your intelligence (+3).
   Dex+6:     It affects your dexterity (+6).
   rF+:       It protects you from fire.
   rN+:       It protects you from negative energy.
 T - a ring of flight
   (You found it on level 15 of the Dungeon)
 X - the ring "Boczari" (right hand) {rF+ EV+5 Str+2 Int+3}
   (You bought it in a shop on level 4 of the Snake Pit)

   [ring of evasion]

   EV+5:      It affects your evasion (+5).
   Str+2:     It affects your strength (+2).
   Int+3:     It affects your intelligence (+3).
   rF+:       It protects you from fire.
 Y - the amulet of Surprise {Reflect rF+ Int+4 SH+5}
   (You took it off a deep elf elementalist on level 3 of the Elven Halls)

   [amulet of reflection]

   Reflect:   It reflects blocked missile attacks.
   Int+4:     It affects your intelligence (+4).
   rF+:       It protects you from fire.
   SH+5:      It affects your SH (+5).
Wands
 a - a wand of polymorph (17)
   (You found it on level 10 of the Dungeon)
 k - a wand of paralysis (23)
   (You took it off Ijyb on level 4 of the Dungeon)
 w - a wand of mindburst (44)
   (You found it on level 7 of the Dungeon)
 x - a wand of light (36)
   (You found it on level 8 of the Dungeon)
 C - a wand of roots (41)
   (You found it on level 9 of the Dungeon)
 M - a wand of flame (80)
   (You found it on level 8 of the Dungeon)
 Q - a wand of digging (5)
   (You found it on level 15 of the Dungeon)
Scrolls
 b - 6 scrolls of fog
 d - 13 scrolls of fear (quivered)
 e - 7 scrolls of enchant armour
 l - 4 scrolls of vulnerability
 t - 18 scrolls of teleportation
 y - 7 scrolls of amnesia
 z - 3 scrolls of blinking
 D - 4 scrolls of immolation
 F - 3 scrolls of summoning
 L - 3 scrolls of silence
 R - 7 scrolls of torment
 S - 11 scrolls of poison
Miscellaneous
 H - a box of beasts
   (You found it in an ice cave)
 J - a tin of tremorstones (2/2)
   (You found it on level 3 of the Lair of Beasts)
 P - a phantom mirror
   (You found it on level 14 of the Dungeon)
 U - a phial of floods
   (You found it on level 11 of the Dungeon)


   Skills:
 - Level 19.0 Fighting
 - Level 15.0 Dodging
 - Level 1.5 Stealth
 - Level 5.0 Shields
 - Level 18.0 Spellcasting
 + Level 15.7 Conjurations
 - Level 8.0 Necromancy
 - Level 13.0 Fire Magic
 - Level 6.0 Ice Magic
 - Level 13.0 Air Magic
 + Level 15.7 Earth Magic
 - Level 10.0 Invocations
 - Level 12.0 Evocations


You had 17 spell levels left.
You knew the following spells:

 Your Spells              Type           Power      Damage    Failure   Level
a - Shock                 Conj/Air       100%       1d9       1%          1
b - Static Discharge      Conj/Air       100%       3-8/arc   1%          2
c - Airstrike             Air            62%        2d(9-25)  1%          4
d - Arcjolt               Conj/Air       65%        1d75      1%          5
e - Plasma Beam           Fire/Air       75%        2x1d92    5%          6
f - Ozocubu's Armour      Ice            96%        N/A       3%          3
g - Borgnjor's Vile Clut  Necr/Erth      73%        N/A       2%          5
h - Bombard               Conj/Erth      67%        9d11      3%          6
i - Lehudib's Crystal Sp  Conj/Erth      67%        10d15     34%         8
w - Swiftness             Air            100%       N/A       1%          3

Your spell library contained the following spells:

 Spells                   Type           Power      Damage    Failure   Level
 Freeze                   Ice            100%       1d10      1%          1
 Sandblast                Erth           100%       2d20      1%          1
 Cigotuvi's Dreadful Rot  Necr/Pois/Air  100%       N/A       1%          2
 Passwall                 Tmut/Erth      87%        N/A       1%          2
 Poisonous Vapours        Pois/Air       100%       N/A       1%          2
 Hailstorm                Conj/Ice       100%       3d20      1%          3
 Stone Arrow              Conj/Erth      100%       3d13      1%          3
 Brom's Barrelling Bould  Conj/Erth      100%       2d11      1%          4
 Flame Wave               Conj/Fire      100%       2d21      1%          4
 Sticky Flame             Conj/Fire      100%       2d11      1%          4
 Fireball                 Conj/Fire      65%        3d25      1%          5
 Lee's Rapid Deconstruct  Erth           67%        3d30*     1%          5
 Inner Flame              Hex/Fire       99%        N/A       2%          3
 Volatile Blastmotes      Fire/Tloc      100%       2d18      2%          3
 Frozen Ramparts          Ice            100%       1d16      3%          3
 Animate Dead             Necr           100%       N/A       3%          4
 Freezing Cloud           Conj/Ice/Air   72%        6-21      3%          5
 Ensorcelled Hibernation  Hex/Ice        100%       N/A       4%          2
 Ignite Poison            Fire/Tmut/Pois 87%        N/A       4%          3
 Leda's Liquefaction      Hex/Erth       52%        N/A       4%          4
 Petrify                  Tmut/Erth      100%       N/A       4%          4
 Conjure Ball Lightning   Conj/Air       65%        3x3d23    4%          6
 Vhi's Electric Charge    Tloc/Air       100%       N/A       5%          4
 Sting                    Tmut/Pois      100%       1d8       7%          1
 Summon Small Mammal      Summ           100%       N/A       7%          1
 Irradiate                Conj/Tmut      42%        3d25      7%          5
 Orb of Destruction       Conj           55%        9d14      8%          7
 Lesser Beckoning         Tloc           80%        N/A       9%          2
 Anguish                  Hex/Necr       53%        N/A       11%         4
 Silence                  Hex/Air        49%        N/A       11%         5
 Call Canine Familiar     Summ           40%        N/A       14%         3
 Gell's Gravitas          Tloc           40%        N/A       14%         3
 Summon Guardian Golem    Hex/Summ       40%        N/A       14%         3
 Teleport Other           Tloc           40%        N/A       14%         3
 Death Channel            Necr           64%        N/A       22%         6
 Metabolic Englaciation   Hex/Ice        39%        N/A       28%         5
 Simulacrum               Ice/Necr       62%        N/A       30%         6
 Cause Fear               Hex            20%        N/A       34%         4
 Olgreb's Toxic Radiance  Pois           40%        N/A       34%         4
 Passage of Golubria      Tloc           40%        N/A       34%         4
 Summon Forest            Summ/Tloc      20%        N/A       61%         5
 Summon Mana Viper        Hex/Summ       40%        N/A       61%         5
 Ignition                 Fire           62%        3d17      65%         8
 Spellforged Servitor     Conj/Summ      42%        N/A       67%         7
 Ozocubu's Refrigeration  Ice            48%        4d18      88%         7
 Eringya's Noxious Bog    Tmut/Pois      20%        4d6       98%         6
 Summon Cactus Giant      Summ           20%        N/A       98%         6
 Haunt                    Necr/Summ      53%        N/A       98%         7
 Enfeeble                 Hex            20%        N/A       100%        7
 Summon Hydra             Summ           20%        N/A       100%        7
 Discord                  Hex            20%        N/A       100%        8
 Disjunction              Tloc           20%        N/A       100%        8
 Sublimation of Blood     Necr           Unusable   N/A       N/A         2

Dungeon Overview and Level Annotations

Branches:
Dungeon (15/15)            Temple (1/1) D:4            Lair (5/5) D:10
  Swamp (4/4) Lair:3        Snake (4/4) Lair:3        Slime (5/5) Lair:5
    Orc (2/2) D:11            Elf (3/3) Orc:2        Vaults (4/5) D:13
  Crypt (0/3) Vaults:3     Depths (4/4) D:15            Zot (5/5) Depths:4
 Bailey (visited)           IceCv (visited)         Volcano (visited)
 WizLab (visited)

Altars:
Ashenzari
Cheibriados
Dithmenos
Fedhas
Gozag
Hepliaklqana
Kikubaaqudgha
Makhleb
Nemelex Xobeh
Okawaru
Qazlal
Ru
Sif Muna
Trog
Uskayaw
Vehumet
Wu Jian
Xom
Yredelemnul
Jiyva

Shops:
D:3 =   D:5 (   D:11 [(   D:13 *   Orc:2 *[([*   Elf:2 ?   Snake:4 :=
Vaults:2 [   Vaults:3 [=   Depths:2 (([:   Depths:3 !

Portals:
Hell: Depths:1 Depths:2 Depths:3 Depths:4
Abyss: Depths:3
Pandemonium: Depths:1 Depths:2 Depths:3
Ziggurat: Depths:3
Trove: Depths:3 (give +4 storm dragon scales)

Annotations:
D:13 2 transporters, Fiesu's ghost, journeyman DrCj
D:15 2 transporters
Snake:3 2 runed translucent doors, Vuarud's ghost, journeyman FeSu
Elf:2 3 runed translucent doors
Depths:1 exclusion: orange crystal statue
Zot:1 1 transporter, exclusion: downstairs
Zot:4 8 runed translucent doors


Innate Abilities, Weirdness & Mutations

Your life essence is reduced to manifest your ancestor. (-10% HP)
You are immune to poison.
Your flesh is cold resistant. (rC+)
You are immune to negative energy. (rN+++)
You are immune to unholy pain and torment.
You are vulnerable to heat. (rF-)
You are strongly in touch with the powers of death.
You do not drink.
You have a special connection with the divine. (Faith)


Message History

3 hell hogs come into view.
The sun demon attacks as it pursues you!
The sun demon completely misses you.
MUOP gestures at the sun demon while chanting.
The bolt of magma hits the sun demon!
The sun demon partially resists.
The bolt of magma hits the sun demon!!
The sun demon partially resists.
The sun demon hits you!
You are engulfed in flames.
You resist.
The hell hog moves out of view. x3
The sun demon attacks as it pursues you!
The sun demon closely misses you.
The sun demon hits something!
Something is engulfed in flames!
The sun demon completely misses MUOP.
The sun demon hits MUOP.
MUOP is engulfed in flames!
MUOP resists.
MUOP casts a spell at the sun demon.
The bolt of magma misses the sun demon.
The bolt of magma hits the sun demon!
The sun demon partially resists.
There is a stone staircase leading up here.
You climb upwards.
There is a stone staircase leading down here.
MUOP is recalled.
There is a stone staircase leading up here.
You climb upwards.
There is a stone staircase leading down here.
HP restored.
Magic restored.
A sun demon comes into view.
The sun demon shouts!
MUOP mumbles some strange words.
MUOP seems to speed up.
The sun demon barely misses MUOP.
MUOP hits the sun demon with a +0 lajatang of freezing!!
MUOP freezes the sun demon!
The sun demon hits MUOP!
MUOP is engulfed in flames!
MUOP resists.
MUOP hits the sun demon with a +0 lajatang of freezing!!
MUOP freezes the sun demon.
The sun demon dies!
There is a stone staircase leading up here.
You climb upwards.
There is a stone staircase leading down here.
There is a stone staircase leading up here.
You climb upwards.
There is a stone staircase leading down here.
An Orb Guardian comes into view.
There is an open door here.
MUOP is recalled.
Casting: Plasma Beam (dangerous; 5% risk of failure)
Confirm with . or Enter, or press ? or * to list all spells.
You feel a huge surge of power! MUOP avoids your attack.
The bolt of lightning hits the Orb Guardian!
The Orb Guardian is lightly wounded.
MUOP avoids your attack.
The fiery plasma hits the Orb Guardian!!
The Orb Guardian is heavily wounded.
Magical energy flows into your mind!
The Orb Guardian hits MUOP!
MUOP mumbles some strange words.
MUOP seems to speed up.
The Orb Guardian hits MUOP!!
Casting: Plasma Beam (dangerous; 5% risk of failure)
Confirm with . or Enter, or press ? or * to list all spells.
You feel a huge surge of power! MUOP avoids your attack.
The bolt of lightning misses the Orb Guardian.
MUOP avoids your attack.
The fiery plasma hits the Orb Guardian!!!!
You kill the Orb Guardian!
There is a stone staircase leading up here.
You climb upwards.
There is a stone staircase leading down here.
You swap places.
Magic restored.
Ancestor HP restored.
MUOP is no longer moving quickly.
There is a stone staircase leading up here.
You climb upwards.
There is a stone staircase leading down here.
A rust devil comes into view.
Casting: Plasma Beam (dangerous; 5% risk of failure)
Confirm with . or Enter, or press ? or * to list all spells.
You feel a huge surge of power!
The bolt of lightning hits the rust devil!!
The rust devil resists.
The rust devil is heavily wounded.
The fiery plasma hits the rust devil.
The rust devil completely resists.
The rust devil is heavily wounded.
Magical energy flows into your mind!
MUOP mumbles some strange words.
MUOP seems to speed up.
Casting: Plasma Beam (dangerous; 5% risk of failure)
Confirm with . or Enter, or press ? or * to list all spells.
You feel a huge surge of power!
The bolt of lightning hits the rust devil!!
The rust devil resists.
You kill the rust devil!
Magic restored.
There is an open door here.
There is a staircase leading out of the dungeon here.
Unknown command.
Enter note: gg You have escaped!

# ###.......#..######.....#.## ##
######...#...###...###.#..### .#
#..)..........!..### #.##...#
.###......#####......####.####.##
..##.###### #######........#...
#.##.# #####.##..... #.##.# #####
#........ #.##.# #...# ##.......
#.##.# #.@.# #......> ...†.#
#.R.# #....... ..##)# #..[#
#.......
#..#)###########'#########.......
##..........#......##)...........
....#########..!....######.......
###.# #.#####.# #....... #.#
#.#..#..# #....... #.# #.#..#.##
#.......


You could see the friendly MUOP the battlemage (fast).

Vanquished Creatures
  the Royal Jelly (Slime:5)
  An orb of fire (Zot:5)
  A dread lich (Zot:5)
  A juggernaut (Depths:2)
  8 Killer Klowns
  3 curse toes
  2 caustic shrikes (Depths:3)
  2 golden dragons
  Nikola (Elf:1)
  A bone dragon (Depths:4)
  2 doom hounds (Zot:4)
  3 electric golems
  Zenata (Vaults:2)
  Jorgrun (D:14)
  20 Orb Guardians
  Grunn (Zot:4)
  3 tentacled monstrosities
  2 deep elf master archers (Elf:3)
  2 liches
  A deep elf blademaster (Elf:3)
  3 quicksilver dragons
  22 acid blobs
  2 walking frostbound tomes
  6 sphinxes
  10 death cobs
  Agnes (Snake:3)
  7 storm dragons
  5 thorn hunters
  2 tengu reavers (Depths:3)
  4 draconian monks
  A shadow dragon (Depths:3)
  Aizul (Swamp:4)
  2 rockslimes (Slime:5)
  5 nagarajas
  2 frost giants
  6 fire giants
  2 draconian knights
  An iron dragon (Depths:1)
  9 vault wardens
  11 deep elf sorcerers
  8 azure jellies
  Louise (Snake:3)
  5 draconian scorchers
  12 ironbound preservers
  A ghost moth (Zot:3)
  2 orc warlords
  A draconian shifter (Zot:1)
  9 quicksilver oozes
  2 deep elf elementalists
  3 draconian annihilators (Zot:1)
  The ghost of Pim the Spry, a journeyman OpSh of Gozag (Lair:5)
  A balrug (D:7)
  2 spriggan defenders (Depths:3)
  2 ghouls (Swamp:4)
  7 formless jellyfish
  3 draconian stormcallers
  8 stone giants
  21 very ugly things
  3 vampire knights
  Nessos (D:12)
  7 ironbound thunderhulks
  3 deep elf demonologists
  6 green draconians
  7 black draconians
  11 white draconians
  5 deep elf annihilators (Elf:3)
  2 eleionomae
  3 spark wasps (Depths:2)
  3 bunyips
  14 yellow draconians
  7 dire elephants
  A crystal guardian (Vaults:4)
  6 purple draconians
  5 red draconians
  Snorg (D:13)
  A green death (Depths:1)
  3 deep elf death magi
  11 ettins
  4 deep elf high priests
  3 fire dragons
  6 yaktaur captains
  A shambling mangrove (Swamp:4)
  An entropy weaver (Vaults:1)
  6 great orbs of eyes
  16 vault guards
  A peacekeeper (Vaults:4)
  3 ice dragons
  4 salamander tyrants
  A caustic shrike simulacrum (IceCv)
  3 rakshasas
  3 catoblepae
  12 alligators
  A ghost crab (Swamp:2)
  2 ogre magi
  3 spriggan air magi
  17 hydras
  2 two-headed ogres
  3 boulder beetles
  9 ironbound frosthearts
  3 anacondas
  A satyr (shapeshifter) (Depths:3)
  7 centaur warriors
  3 tengu warriors (Depths:1)
  6 deep troll earth magi
  An orc high priest (Orc:2)
  6 spriggan berserkers
  9 deep troll shamans
  15 naga warriors
  7 dancing weapons
  3 shock serpents
  13 naga sharpshooters
  Sonja (Lair:1)
  3 vampire magi
  7 deep elf knights
  Urug (D:12)
  4 salamander mystics (Snake:4)
  7 skeletal warriors (D:15)
  6 iron trolls
  5 goliath frogs
  A fire crab (shapeshifter) (D:15)
  A sixfirhy (Depths:2)
  3 spectral hydras (Swamp:4)
  6 spriggan druids
  35 deep trolls
  3 orange crystal statues
  4 flayed ghosts
  A glowing orange brain (Vaults:2)
  7 sea snakes (Snake:4)
  5 naga ritualists
  6 swamp dragons
  3 bog bodies (Swamp:1)
  7 arcanists
  3 phantasmal warriors
  A harpy (shapeshifter) (D:15)
  11 deep elf archers
  20 deep elf pyromancers
  12 ironbound convokers
  5 orc knights
  14 deep elf zephyrmancers
  6 mana vipers
  3 oklob plants (Swamp:4)
  A salamander (shapeshifter) (Elf:3)
  10 lindwurms
  4 orc sorcerers
  5 manticores
  A necromancer (Depths:3)
  2 wolf spiders (D:15)
  11 salamanders
  15 elephants
  4 shining eyes
  2 will-o-the-wisps
  36 ugly things
  19 moths of wrath
  3 cyclopes
  19 black mambas
  A rust devil (D:1)
  A torpor snail (shapeshifter) (Depths:3)
  8 vault sentinels
  4 guardian serpents
  21 naga magi
  A gargoyle (Volcano)
  10 cane toads
  An unseen horror (D:13)
  2 orange demons (Depths:2)
  5 kobold demonologists
  A komodo dragon (shapeshifter) (Elf:2)
  A hellion (Zot:1)
  A rime drake (Lair:4)
  24 yaktaurs
  2 efreet (D:15)
  A tormentor (Zot:3)
  2 tengu conjurers
  7 komodo dragons
  2 hydra zombies (Swamp:4)
  4 guardian mummies (Zot:4)
  5 freezing wraiths
  A queen bee (Orc:1)
  3 polar bears
  8 trolls
  11 hornets
  5 tyrant leeches
  A glass eye (shapeshifter) (Elf:2)
  3 alligator simulacra (IceCv)
  3 death drake zombies (Swamp:4)
  4 dream sheep (Lair:5)
  2 death drake skeletons (Swamp:4)
  10 blink frogs
  Grinder (D:4)
  4 glass eyes
  18 spriggans
  49 slime creatures
  2 hydra skeletons (Swamp:4)
  A centaur simulacrum (D:15)
  2 vampires (Vaults:3)
  4 water elementals
  33 yaks
  A dire elephant simulacrum (IceCv)
  5 wyverns
  5 basilisks
  5 golden eyes
  2 steam dragons
  3 redbacks
  16 vampire mosquitoes
  42 nagas
  Menkaure (D:6)
  3 harpy simulacra (IceCv)
  10 swamp worms
  A warg (Orc:1)
  A naga (shapeshifter) (D:15)
  A water moccasin (shapeshifter) (Zot:4)
  3 acid dragons
  2 hell hounds (Orc:1)
  5 hydra simulacra
  13 water moccasins
  31 orc warriors
  8 swamp drakes
  4 swamp dragon zombies (Swamp:4)
  A black bear (D:4)
  3 ettin simulacra (IceCv)
  4 ogres
  17 wolves
  3 boggarts
  5 centaurs
  A kobold brigand (D:14)
  11 bullfrogs
  2 earth elementals (Volcano)
  A scorpion (D:5)
  19 killer bees
  8 electric eels
  4 howler monkeys
  2 jellies
  A hound (D:7)
  13 orc priests
  Ijyb (D:4)
  21 orc wizards
  4 hell rats (Lair:3)
  6 gnolls
  4 adders
  2 shadow imps
  2 worms
  7 dart slugs
  101 orcs
  8 ball pythons
  8 endoplasms
  8 giant cockroaches
  12 goblins
  13 hobgoblins
  15 kobolds
  2 quokkas
  5 bats
  2 frilled lizards
  3 rats
  2 butterflies (Zot:4)
1598 creatures vanquished.

Vanquished Creatures (collateral kills)
  2 orbs of fire (Zot:5)
  5 Killer Klowns
  3 golden dragons
  6 caustic shrikes
  A bone dragon (Depths:4)
  4 tentacled monstrosities
  3 Orb Guardians (Zot:5)
  A walking earthen tome (Depths:2)
  A death cob (Zot:1)
  6 acid blobs
  2 shadow dragons
  2 storm dragons
  3 draconian monks
  2 frost giants
  4 rockslimes
  4 draconian knights
  2 azure jellies
  2 deep elf sorcerers (Elf:3)
  3 vault wardens
  2 draconian scorchers
  2 deep elf elementalists
  2 ghost moths
  A cacodemon (Depths:2)
  3 draconian annihilators
  An orc warlord (Vaults:2)
  A quicksilver ooze (Slime:5)
  5 very ugly things
  2 formless jellyfish
  6 ironbound preservers
  A stone giant (Depths:3)
  A green draconian (Zot:4)
  3 red draconians
  4 black draconians
  3 ironbound thunderhulks
  3 dire elephants
  A purple draconian (Zot:5)
  2 white draconians
  2 yellow draconians (Zot:4)
  A lorocyproca (Depths:1)
  An ettin (D:15)
  A yaktaur captain (Vaults:1)
  An entropy weaver (Vaults:3)
  4 fire dragons
  2 vault guards (Vaults:1)
  2 great orbs of eyes (D:15)
  An ice dragon (Depths:3)
  5 hydras
  A catoblepas (D:12)
  A centaur warrior (D:13)
  An anaconda (Snake:3)
  5 alligators
  8 dancing weapons
  A two-headed ogre (D:13)
  2 tengu warriors
  2 boulder beetles
  A deep troll earth mage (Depths:2)
  A naga sharpshooter (Snake:4)
  2 naga warriors
  An orc high priest (Orc:2)
  2 sun demons
  2 spriggan berserkers (Swamp:3)
  A shock serpent (Snake:3)
  A deep elf knight (Elf:1)
  2 skeletal warriors (D:15)
  A goliath frog (Swamp:4)
  10 deep trolls
  3 skysharks (Lair:5)
  A sea snake (Snake:4)
  A glowing orange brain (Depths:2)
  2 spriggan druids (Swamp:4)
  2 arcanists
  An ironbound convoker (Vaults:2)
  A lindwurm (Vaults:2)
  An orc knight (Orc:1)
  A spectral hydra (Swamp:4)
  5 deep elf pyromancers
  A mana viper (Snake:3)
  An orc sorcerer (Orc:2)
  2 shining eyes (Slime:5)
  5 deep elf zephyrmancers
  17 ugly things
  9 moths of wrath
  2 cyclopes
  7 elephants
  A will-o-the-wisp (Swamp:2)
  Maurice (D:12)
  A centaur zombie (D:12)
  3 naga magi (Snake:3)
  6 black mambas
  2 salamanders
  A vault sentinel (Vaults:2)
  A gargoyle (Volcano)
  An orange demon (Zot:4)
  2 smoke demons
  An efreet (Volcano)
  14 cane toads
  4 komodo dragons
  A freezing wraith (IceCv)
  An anaconda simulacrum (IceCv)
  2 yaktaurs (Vaults:4)
  A rime drake (Lair:5)
  2 kobold demonologists (D:11)
  A hydra zombie (Swamp:4)
  2 tyrant leeches
  4 hornets
  3 trolls
  A death drake skeleton (Swamp:4)
  6 blink frogs
  23 slime creatures
  A meliai zombie (D:12)
  2 air elementals
  5 spriggans
  A shadow (D:13)
  24 yaks
  2 vampires
  3 water elementals
  A basilisk (shapeshifter) (D:14)
  5 basilisks
  A wyvern (D:9)
  2 fire elementals
  A steam dragon (D:10)
  5 nagas
  A vampire mosquito (Lair:5)
  3 swamp worms
  A hydra simulacrum (IceCv)
  A harpy simulacrum (IceCv)
  10 water moccasins
  Duvessa (D:6)
  17 orc warriors
  An ice beast (D:6)
  2 black bears
  2 sky beasts
  8 wolves
  4 centaurs
  3 ogres
  A kobold brigand (D:11)
  11 bullfrogs
  8 earth elementals
  Dowan (D:6)
  9 killer bees
  3 howler monkeys
  8 orc priests
  A hound (D:7)
  2 jellies
  A gnoll bouda (D:7)
  2 iguanas
  19 orc wizards
  A hell rat (Lair:3)
  2 gnolls (D:7)
  An adder (D:6)
  A shadow imp (D:5)
  A white imp (D:5)
  33 orcs
  A training dummy (D:7)
  2 kobolds (D:11)
  2 butterflies (Zot:4)
528 creatures vanquished.

Vanquished Creatures (others)
  84 battlemagi
  An ancestor (D:6)
  5 foxfires
90 creatures vanquished.

Grand Total: 2216 creatures vanquished

Notes
Turn   | Place    | Note
-------+----------+-------------------------------------------
     0 | D:1      | Flugkiller the Mummy Air Elementalist began the quest for
                  | the Orb.
     0 | D:1      | Reached XP level 1. HP: 13/13 MP: 4/4
   133 | D:1      | Reached skill level 1 in Conjurations
   218 | D:1      | Reached XP level 2. HP: 19/19 MP: 1/6
   526 | D:1      | Reached XP level 3. HP: 20/24 MP: 2/7
   578 | D:1      | Learned a level 2 spell: Static Discharge
  1911 | D:3      | Reached XP level 4. HP: 30/30 MP: 5/8
  2141 | D:3      | Learned a level 3 spell: Swiftness
  2455 | D:3      | Identified the +2 whip "Impbane" {flame, rF+}
  2597 | D:3      | Found Foaxkuar's Jewellery Boutique.
  2822 | D:3      | Reached skill level 1 in Fighting
  3034 | D:3      | Reached XP level 5. HP: 37/37 MP: 4/9
  3511 | D:4      | Learned a level 4 spell: Airstrike
  3521 | D:4      | Noticed an ogre
  4115 | D:4      | Found a staircase to the Ecumenical Temple.
  4222 | Temple   | Entered the Ecumenical Temple
  4237 | Temple   | Became a worshipper of Hepliaklqana the Forgotten
  4265 | D:4      | Noticed a black bear
  4411 | D:4      | Noticed Grinder
  4418 | D:4      | Reached XP level 6. HP: 43/43 MP: 8/12
  4472 | D:4      | Paralysed by Grinder for 2 turns
  4475 | D:4      | Killed Grinder
  4476 | D:4      | Reached skill level 5 in Air Magic
  4476 | D:4      | Reached skill level 2 in Fighting
  4727 | D:4      | Noticed Ijyb
  4768 | D:4      | Paralysed by Ijyb for 4 turns
  4951 | D:4      | Reached XP level 7. HP: 50/50 MP: 2/13
  5242 | D:4      | Paralysed by Ijyb for 5 turns
  5247 | D:4      | Killed Ijyb
  5418 | D:5      | Entered Level 5 of the Dungeon
  5516 | D:5      | Reached * piety under Hepliaklqana
  6076 | D:5      | Found Joloroh's Hydra Hut.
  6077 | D:5      | Noticed a seven-headed hydra
  6367 | D:3      | Bought a +6 ring of intelligence for 396 gold pieces
  6527 | D:6      | Reached skill level 3 in Fighting
  6527 | D:6      | Reached XP level 8. HP: 38/52 MP: 14/14
  6610 | D:6      | Noticed Menkaure
  6616 | D:6      | Killed Menkaure
  6735 | D:6      | Reached skill level 5 in Spellcasting
  6860 | D:6      | Found a sacrificial altar of Ru.
  6861 | D:6      | Reached ** piety under Hepliaklqana
  6861 | D:6      | Found a sparkling altar of Nemelex Xobeh.
  6863 | D:6      | Remembered your ancestor MUOP as a battlemage
  7186 | D:6      | Found an iron altar of Okawaru.
  7186 | D:6      | Found a snail-covered altar of Cheibriados.
  7202 | D:6      | Noticed Duvessa
  7202 | D:6      | Noticed Dowan
  7210 | D:6      | Killed Duvessa
  7213 | D:6      | Killed Dowan
  7427 | D:6      | Identified 2 scrolls of acquirement
  7427 | D:6      | Acquired a staff of air
  7429 | D:6      | Acquired 891 gold pieces
  7485 | D:3      | Bought an amulet of regeneration for 330 gold pieces
  7485 | D:3      | Bought a +4 ring of protection for 396 gold pieces
  7545 | D:6      | Learned a level 5 spell: Arcjolt
  7633 | D:7      | Reached XP level 9. HP: 56/56 MP: 12/16
  8228 | D:7      | Found a basalt altar of Yredelemnul.
  8585 | D:8      | Reached *** piety under Hepliaklqana
  9306 | D:9      | Noticed a troll
  9309 | D:9      | Killed a troll
  9398 | D:9      | Noticed a two-headed ogre
  9403 | D:9      | Killed a two-headed ogre
  9404 | D:9      | Reached skill level 10 in Air Magic
  9404 | D:9      | Reached XP level 10. HP: 63/63 MP: 4/21
  9598 | D:9      | Reached skill level 5 in Conjurations
  9705 | D:9      | Found an opulent altar of Gozag.
 10338 | D:10     | Entered Level 10 of the Dungeon
 10339 | D:10     | Reached **** piety under Hepliaklqana
 10498 | D:10     | Reached skill level 10 in Spellcasting
 10524 | D:10     | Found a flagged portal.
 10536 | Bailey   | Entered a bailey
 10786 | Bailey   | Noticed an orc knight
 10833 | Bailey   | Killed an orc knight
 11121 | D:10     | Reached XP level 11. HP: 55/67 MP: 17/25
 11749 | D:10     | Found a staircase to the Lair.
 12351 | D:11     | Noticed a sixfirhy
 12748 | D:11     | Noticed a two-headed ogre
 12783 | D:11     | Killed a two-headed ogre
 13066 | D:11     | Found Xusoo's Armour Shop.
 13066 | D:11     | Found a staircase to the Orcish Mines.
 13072 | D:11     | Found Fekioto's Weapon Shop.
 13610 | Lair:1   | Entered Level 1 of the Lair of Beasts
 13895 | Lair:1   | Reached ***** piety under Hepliaklqana
 13908 | Lair:1   | Reached skill level 10 in Conjurations
 14088 | Lair:1   | Reached skill level 1 in Invocations
 14424 | Lair:1   | Reached skill level 4 in Fighting
 14424 | Lair:1   | Reached XP level 12. HP: 74/74 MP: 21/28
 14566 | Lair:1   | Noticed Sonja
 14568 | Lair:1   | Killed Sonja
 14954 | Lair:2   | Noticed an eight-headed hydra
 14959 | Lair:2   | Killed an eight-headed hydra
 14960 | Lair:2   | Reached skill level 5 in Fighting
 15241 | Lair:2   | Reached skill level 6 in Fighting
 15244 | Lair:2   | Reached skill level 5 in Invocations
 15497 | Lair:2   | Noticed a seven-headed hydra
 15509 | Lair:2   | Killed a seven-headed hydra
 16069 | Lair:2   | Noticed a dire elephant
 16193 | Lair:2   | Killed a dire elephant
 16375 | Lair:2   | Gained mutation: You are strongly in touch with the powers
                  | of death. [Mummy growth]
 16375 | Lair:2   | Reached XP level 13. HP: 83/83 MP: 3/29
 17207 | Lair:2   | Upgraded the game from 0.31-a0-995-g04711c9635 to
                  | 0.31-a0-997-g9a2f3ffc92
 17336 | Lair:3   | Found a staircase to the Swamp.
 17456 | Lair:3   | Found a staircase to the Snake Pit.
 17502 | Lair:3   | Reached skill level 1 in Evocations
 17623 | Lair:3   | Reached ****** piety under Hepliaklqana
 18656 | Lair:4   | Reached skill level 7 in Fighting
 18927 | Lair:4   | Identified the ring of Birupirgh {rPois rN+ Dex+4}
 19165 | Lair:5   | Entered Level 5 of the Lair of Beasts
 19371 | Lair:5   | Reached skill level 8 in Fighting
 19599 | Lair:5   | Reached XP level 14. HP: 84/94 MP: 10/30
 19748 | Lair:5   | Reached skill level 10 in Invocations
 19819 | Lair:5   | Learned a level 6 spell: Plasma Beam
 19823 | Lair:5   | Learned a level 3 spell: Ozocubu's Armour
 19928 | Lair:5   | Found a staircase to the Slime Pits.
 19928 | Lair:5   | Found a viscous altar of Jiyva.
 20036 | Lair:5   | Reached skill level 1 in Fire Magic
 20036 | Lair:5   | Reached skill level 1 in Ice Magic
 20178 | Lair:5   | Reached skill level 5 in Evocations
 20695 | Lair:5   | Found a runed translucent gate.
 20695 | Lair:5   | Found a runed translucent gate.
 20695 | Lair:5   | Found a runed translucent gate.
 20695 | Lair:5   | Noticed Pim's ghost (journeyman OpSh)
 21630 | Lair:5   | Killed Pim's ghost
 21796 | Lair:5   | Found a staircase to the Slime Pits.
 21796 | Lair:5   | Found a viscous altar of Jiyva.
 22616 | D:12     | Noticed Urug
 22625 | D:12     | Killed Urug
 22852 | D:12     | Noticed Maurice
 22856 | D:12     | Killed Maurice
 22916 | D:12     | Noticed Nessos
 22922 | D:12     | Killed Nessos
 23299 | D:12     | Found a basalt altar of Yredelemnul.
 23790 | D:12     | Acquired 706 gold pieces
 23905 | D:13     | Found Zin's Purification Station.
 23962 | D:13     | Found a gate to the Vaults.
 23962 | D:13     | Noticed an ironbound preserver
 24103 | D:13     | Noticed Fiesu's ghost (journeyman DrCj)
 24147 | D:13     | Found a transporter.
 24151 | D:13     | Found a transporter.
 24155 | D:13     | Noticed Snorg
 24165 | D:13     | Killed Snorg
 24226 | D:13     | Killed an ironbound preserver
 24670 | D:13     | Reached XP level 15. HP: 85/99 MP: 10/32
 25162 | D:14     | Found the +3 Elemental Staff {ele, rElec rF+ rC+ AC+3}
 25348 | D:14     | Reached skill level 5 in Fire Magic
 25447 | D:14     | Reached skill level 5 in Ice Magic
 25486 | D:14     | Noticed Jorgrun
 25489 | D:14     | Killed Jorgrun
 25492 | D:14     | Identified the +1 robe of Eguran {rCorr Int-5 Archmagi}
 26309 | D:15     | Entered Level 15 of the Dungeon
 26447 | D:15     | Found a burning altar of Makhleb.
 26544 | D:15     | Found a transporter.
 26996 | D:15     | Reached skill level 15 in Spellcasting
 27110 | D:15     | Identified the ring of Peace {rN+ Str+3 Dex-2 Stlth+}
 27126 | D:15     | Found an iron altar of Okawaru.
 27130 | D:15     | Found a transporter.
 27298 | D:15     | Identified the ring of Dim Light {rPois Will+ Str+3}
 27459 | D:15     | Identified the ring of the Evil One {rElec rCorr}
 27992 | D:15     | Identified the +7 longbow of Truth {antimagic, rPois rCorr}
 28066 | D:15     | Reached XP level 16. HP: 105/105 MP: 8/35
 28554 | D:15     | Reached skill level 10 in Fire Magic
 28595 | D:15     | Found a staircase to the Depths.
 28718 | Orc:1    | Entered Level 1 of the Orcish Mines
 28833 | Orc:1    | You fall into a shaft and drop 1 floor!
 28833 | Orc:2    | Entered Level 2 of the Orcish Mines
 28834 | Orc:2    | Found a staircase to the Elven Halls.
 28932 | Orc:1    | Found a dark tunnel.
 29056 | Volcano  | Entered a volcano
 29621 | Orc:1    | Found a shimmering blue altar of Sif Muna.
 29980 | Orc:2    | Found Vetod's Antique Armour Emporium.
 29997 | Orc:2    | Bought a pair of embroidered gloves for 232 gold pieces
 30530 | Orc:2    | Found Duat's General Store.
 30867 | Orc:2    | Found Korooghiegi's Antique Armour Boutique.
 30871 | Orc:2    | Found Ramengas's Antique Weapon Shop.
 30929 | Orc:2    | Found Cuyzo's Assorted Antiques.
 31131 | Orc:2    | Bought a scroll of teleportation for 87 gold pieces
 31171 | Orc:2    | Bought an embroidered hat for 217 gold pieces
 31546 | Orc:2    | Bought a scroll of enchant armour for 90 gold pieces
 31546 | Orc:2    | Bought an Everburning Encyclopedia for 432 gold pieces
 31748 | Snake:2  | Identified the "Run Vole"
 31748 | Swamp:1  | Entered Level 1 of the Swamp
 31974 | Swamp:1  | Reached skill level 1 in Shields
 33078 | Swamp:2  | Reached skill level 9 in Fighting
 34128 | Swamp:3  | Noticed a thorn hunter
 34134 | Swamp:3  | Killed a thorn hunter
 34135 | Swamp:3  | Reached XP level 17. HP: 113/113 MP: 19/37
 35041 | Swamp:4  | Entered Level 4 of the Swamp
 35047 | Swamp:4  | Reached skill level 5 in Dodging
 35169 | Swamp:4  | Reached skill level 10 in Fighting
 35317 | Swamp:4  | Reached skill level 5 in Shields
 35456 | Swamp:4  | Identified the serpent talisman "Eroiklang" {rElec Str+3
                  | Int+4}
 35456 | Swamp:4  | Noticed Aizul
 35458 | Swamp:4  | Killed Aizul
 37125 | Swamp:4  | Found a basalt altar of Yredelemnul.
 37137 | Swamp:4  | Got a decaying rune of Zot
 37380 | Swamp:4  | Found a blossoming altar of Fedhas.
 37581 | Swamp:3  | Reached skill level 11 in Fighting
 37973 | Snake:1  | Entered Level 1 of the Snake Pit
 39043 | Snake:2  | Reached skill level 12 in Fighting
 39592 | Snake:2  | Identified the +0 sling of Wuesogge {antimagic, Fly Str+3
                  | Int+7}
 40548 | Snake:2  | Reached XP level 18. HP: 126/126 MP: 31/38
 41114 | Snake:3  | Found a frozen archway.
 41321 | IceCv    | Entered an ice cave
 41388 | IceCv    | Reached skill level 13 in Fighting
 41558 | IceCv    | Identified the +0 pair of boots of Serendipity {Rampage}
 42054 | Snake:3  | Noticed Louise
 42057 | Snake:3  | Killed Louise
 42114 | Snake:3  | Noticed Agnes
 42119 | Snake:3  | Killed Agnes
 42921 | Snake:3  | Found a large runed translucent door.
 42922 | Snake:3  | Found a large runed translucent door.
 42925 | Snake:3  | Noticed Vuarud's ghost (journeyman FeSu)
 43430 | Snake:4  | Entered Level 4 of the Snake Pit
 43569 | Snake:4  | Found Butops's Self-Improvement Boutique.
 44054 | Snake:4  | Reached skill level 14 in Fighting
 44999 | Snake:4  | Found Peim's Jewellery Shoppe.
 45200 | Snake:4  | Reached skill level 10 in Evocations
 46065 | Snake:4  | Bought the ring "Boczari" {rF+ EV+5 Str+2 Int+3} for 907
                  | gold pieces
 46298 | Snake:4  | Got a serpentine rune of Zot
 46662 | Vaults:1 | Identified the of Canygut
 46662 | Vaults:2 | Identified the "Tuonusyodgh"
 46662 | Vaults:5 | Identified the "Kuseuc"
 46662 | Vaults:5 | Identified the "Owapsiez"
 46662 | Crypt:1  | Identified the "Hunoukye"
 46662 | Depths:1 | Identified the "Bonyiwuvy"
 46662 | Depths:3 | Identified the of Kihungips
 46662 | Elf:1    | Entered Level 1 of the Elven Halls
 46730 | Elf:1    | Reached XP level 19. HP: 136/136 MP: 33/40
 46784 | Elf:1    | Noticed Nikola
 46801 | Elf:1    | Killed Nikola
 47047 | Elf:1    | Learned a level 5 spell: Borgnjor's Vile Clutch
 47352 | Elf:1    | Reached skill level 1 in Necromancy
 47357 | Elf:1    | Reached skill level 1 in Earth Magic
 47867 | Elf:2    | Paralysed by an air elemental for 1 turns
 48089 | Elf:2    | Learned a level 6 spell: Bombard
 48381 | Elf:2    | Found Asepsux's Magic Scroll Shoppe.
 48393 | Elf:2    | Bought a scroll of torment for 114 gold pieces
 48393 | Elf:2    | Bought a scroll of enchant armour for 90 gold pieces
 48393 | Elf:2    | Bought a scroll of teleportation for 36 gold pieces
 48393 | Elf:2    | Bought a scroll of teleportation for 36 gold pieces
 48521 | Elf:2    | Identified the ring "Zoen" {Str+5 Int+6}
 48708 | Elf:2    | Found a runed translucent gate.
 48709 | Elf:2    | Found a runed translucent gate.
 48709 | Elf:2    | Found a runed translucent gate.
 48822 | Elf:3    | Identified the of Baex
 48822 | Elf:3    | Identified the "Foub"
 48822 | Elf:3    | Entered Level 3 of the Elven Halls
 48984 | Elf:3    | Reached skill level 5 in Necromancy
 49065 | Elf:3    | Paralysed by an air elemental for 1 turns
 49639 | Elf:3    | Reached skill level 5 in Earth Magic
 49893 | Elf:3    | Identified the ring "Poonesk" {rF+ rN+ Str-3 Int+3 Dex+6}
 50003 | Elf:3    | Identified the +7 flail of Huisis {heavy, Int+2}
 50011 | Elf:3    | Identified the amulet "Pucof" {Spirit Dex+2 SInv}
 50251 | Elf:3    | Found an ancient bone altar of Kikubaaqudgha.
 51198 | Elf:3    | Identified the amulet of Surprise {Reflect rF+ Int+4 SH+5}
 51313 | Elf:3    | Found the +0 pair of fencer's gloves {Riposte Dex+3}
 51352 | Elf:3    | Acquired a book of Dangerous Friends
 51643 | Vaults:1 | Entered Level 1 of the Vaults
 51733 | Vaults:1 | Reached XP level 20. HP: 79/143 MP: 21/42
 51914 | Vaults:1 | Found a magical portal.
 51926 | WizLab   | Entered Wucad Mu's Monastery
 52005 | WizLab   | Found the crystal ball of Wucad Mu {*channel}
 52250 | Vaults:1 | Acquired the amulet of the Hurting Gods {Acrobat Will-
                  | Int+8 Dex+2}
 52562 | Vaults:1 | Identified the ring "Rocucego" {Ice MP+9}
 52605 | Vaults:1 | Reached skill level 10 in Dodging
 52745 | Vaults:2 | Noticed Zenata
 52797 | Vaults:2 | Killed Zenata
 53450 | Vaults:2 | Found Leset's Antique Armour Shop.
 53460 | Vaults:2 | Bought a brightly glowing robe for 233 gold pieces
 53460 | Vaults:2 | Identified the +0 robe "Ciam Lei" {-Tele Will++ Int+2 SInv
                  | Archmagi} (You bought it in a shop on level 2 of the
                  | Vaults)
 53470 | Vaults:2 | Identified the +1 ring mail "Istizuw" {+Inv Str+3 Int-4
                  | Dex+3}
 54081 | Vaults:3 | Found Fiwkoerr's Jewellery Emporium.
 54270 | Vaults:3 | Found a staircase to the Crypt.
 54731 | Vaults:3 | Found Cuwuty's Armour Shop.
 54914 | Vaults:3 | Identified the +4 war axe of Ken Weh {speed, Int+4}
 55149 | Vaults:4 | Reached XP level 21. HP: 147/148 MP: 28/43
 56033 | Vaults:4 | Reached skill level 10 in Earth Magic
 56800 | Vaults:4 | Identified the +1 double sword "Elustruyh" {elec, Fragile
                  | rN++ Int+4}
 57229 | Zot:1    | Identified the "Neumehocs"
 57229 | Slime:1  | Entered Level 1 of the Pits of Slime
 57737 | Slime:5  | Entered Level 5 of the Pits of Slime
 58329 | Slime:5  | Noticed the Royal Jelly
 58338 | Slime:5  | Killed the Royal Jelly
 58339 | Slime:5  | Reached XP level 22. HP: 125/154 MP: 20/44
 59064 | Slime:5  | Identified the +5 ring mail of the Watermelon {rPois
                  | Will+++ Int+2 Slay-5}
 59101 | Slime:5  | Got a slimy rune of Zot
 59102 | Slime:5  | Identified the +1 helmet "Leen" {Str+6 Dex-4}
 59106 | Slime:5  | Identified the amulet "Askeuto" {Reflect rElec rPois SH+5}
 59508 | Depths:1 | Entered Level 1 of the Depths
 59944 | Depths:1 | Found a gateway to Hell.
 60266 | Depths:1 | Found a gateway to a bazaar.
 60376 | Depths:1 | Identified the blade talisman "Ozibirul" {rC+ Str-5 Int+7
                  | Dex+3}
 60408 | Bazaar   | Entered a bazaar
 60412 | Bazaar   | Found Donkoafit's Jewellery Boutique.
 60434 | Bazaar   | Found Ciruaj's Assorted Antiques.
 60455 | Bazaar   | Found Jutestam's General Store.
 60460 | Bazaar   | Bought a scroll of teleportation for 30 gold pieces
 60475 | Bazaar   | Found Zimuerat's Antique Weapon Shoppe.
 60664 | Depths:1 | Found a one-way gate leading to the halls of Pandemonium.
 61635 | Depths:2 | Noticed a caustic shrike
 61639 | Depths:2 | Killed a caustic shrike
 61653 | Depths:2 | Found Atziam's Antique Armour Emporium.
 61833 | Depths:2 | Found Laleba's Book Emporium.
 61836 | Depths:2 | Found Miassaox's Weapon Shoppe.
 61836 | Depths:2 | Noticed a caustic shrike
 61842 | Depths:2 | Killed a caustic shrike
 61856 | Depths:2 | Found Geiphizo's Antique Weapon Shoppe.
 61999 | Depths:2 | Reached skill level 15 in Fighting
 62052 | Depths:2 | Noticed a juggernaut
 62074 | Depths:2 | Found a flickering gateway to a bazaar.
 62092 | Bazaar   | Entered a bazaar
 62092 | Bazaar   | Found Qooch's Antique Weapon Shoppe.
 62092 | Bazaar   | Found Xijof's Jewellery Shoppe.
 62092 | Bazaar   | Found Suon's Distillery.
 62094 | Bazaar   | Found Necul's Distillery.
 62138 | Depths:2 | Killed a juggernaut
 62373 | Depths:2 | Reached skill level 16 in Fighting
 62690 | Depths:3 | Reached skill level 17 in Fighting
 62784 | Depths:3 | Found Reisy's Distillery.
 62799 | Depths:3 | Found a portal to a secret trove of treasure.
 62834 | Depths:3 | Found a one-way gateway to a ziggurat.
 62892 | Depths:3 | Found a one-way gate to the infinite horrors of the Abyss.
 62903 | Depths:3 | Noticed a caustic shrike
 62907 | Depths:3 | Killed a caustic shrike
 62962 | Depths:3 | Noticed a caustic shrike
 62964 | Depths:3 | Reached XP level 23. HP: 171/171 MP: 33/45
 62964 | Depths:3 | Noticed a caustic shrike
 62965 | Depths:3 | Reached skill level 18 in Fighting
 62965 | Depths:3 | Noticed a caustic shrike
 62965 | Depths:3 | Noticed a caustic shrike
 62966 | Depths:3 | Killed a caustic shrike
 62983 | Depths:3 | Killed a caustic shrike
 62984 | Depths:3 | Killed a caustic shrike
 62985 | Depths:3 | Killed a caustic shrike
 63831 | Depths:3 | Reached skill level 15 in Dodging
 63844 | Depths:3 | Identified the staff "Flugkiller's Doom" {rF- rN+ rCorr
                  | Stlth+ Conj}
 64051 | Depths:3 | Noticed a caustic shrike
 64054 | Depths:3 | Killed a caustic shrike
 64282 | Depths:4 | Entered Level 4 of the Depths
 64368 | Depths:4 | Reached skill level 19 in Fighting
 64835 | Depths:4 | Found a gate to the Realm of Zot.
 65018 | Zot:1    | Entered Level 1 of the Realm of Zot
 65739 | Zot:1    | Identified the ring "Suumm" {rElec AC+4}
 66212 | Zot:1    | Found a transporter.
 66213 | Zot:1    | Found a shimmering blue altar of Sif Muna.
 66234 | Zot:1    | Identified the +1 glaive of the Volcano {drain, Will+
                  | Str+3}
 66238 | Zot:1    | Noticed an orb of fire
 66244 | Zot:1    | Noticed a dread lich
 66554 | Zot:1    | Noticed a curse toe
 66562 | Zot:1    | Killed a curse toe
 66861 | Zot:3    | Reached XP level 24. HP: 180/180 MP: 41/45
 67700 | Zot:4    | Noticed Grunn
 67734 | Zot:4    | Killed Grunn
 68348 | Zot:4    | Noticed a Killer Klown
 68349 | Zot:4    | Identified the +6 great sword "Vos Tiula" {chaos, rElec rC+
                  | Str+2 Int-3}
 68354 | Zot:4    | Noticed a Killer Klown
 68357 | Zot:4    | Killed a Killer Klown
 68361 | Zot:4    | Killed a Killer Klown
 68414 | Zot:4    | Found a large runed translucent door.
 68415 | Zot:4    | Found a large runed translucent door.
 68415 | Zot:4    | Noticed a Killer Klown
 68424 | Zot:4    | Killed a Killer Klown
 68675 | Zot:4    | Found a large runed translucent door.
 68675 | Zot:4    | Found a shimmering altar of Xom.
 68675 | Zot:4    | Found a large runed translucent door.
 68676 | Zot:4    | Found a large runed translucent door.
 68678 | Zot:4    | Found a large runed translucent door.
 68679 | Zot:4    | Found a large runed translucent door.
 68679 | Zot:4    | Found a large runed translucent door.
 68681 | Zot:4    | Noticed a Killer Klown
 68683 | Zot:4    | Identified the +6 longbow of an ossuary {drain, rF- rC+
                  | Stlth+}
 68683 | Zot:4    | Noticed a Killer Klown
 68687 | Zot:4    | Noticed a Killer Klown
 68688 | Zot:4    | Identified the +2 scale mail of Hefaoh {rElec rC+ Dex+2}
 68690 | Zot:4    | Killed a Killer Klown
 68696 | Zot:4    | Killed a Killer Klown
 68697 | Zot:4    | Reached skill level 15 in Conjurations
 68850 | Zot:4    | Killed a Killer Klown
 69028 | Zot:4    | Learned a level 8 spell: Lehudib's Crystal Spear
 69098 | Zot:4    | Noticed a Killer Klown
 69113 | Zot:4    | Killed a Killer Klown
 69702 | Zot:5    | Entered Level 5 of the Realm of Zot
 70522 | Zot:5    | Noticed a Killer Klown
 70529 | Zot:5    | Killed a Killer Klown
 70579 | Zot:5    | Noticed an orb of fire
 70697 | Zot:5    | Noticed a Killer Klown
 70711 | Zot:5    | Killed a Killer Klown
 70756 | Zot:5    | Noticed a Killer Klown
 70762 | Zot:5    | Killed a Killer Klown
 70877 | Zot:5    | Noticed a Killer Klown
 71258 | Zot:5    | Noticed an orb of fire
 71271 | Zot:5    | Killed an orb of fire
 71272 | Zot:5    | Reached XP level 25. HP: 178/186 MP: 37/45
 71300 | Zot:5    | Noticed an orb of fire
 71306 | Zot:5    | Killed an orb of fire
 71307 | Zot:5    | Reached skill level 15 in Earth Magic
 71310 | Zot:5    | Killed a Killer Klown
 71454 | Zot:5    | Noticed a dread lich
 71457 | Zot:5    | Killed a dread lich
 71463 | Zot:5    | Noticed a Killer Klown
 71472 | Zot:5    | Killed a Killer Klown
 71533 | Zot:5    | Noticed a Killer Klown
 71536 | Zot:5    | Killed a Killer Klown
 71735 | Zot:5    | Noticed an orb of fire
 71741 | Zot:5    | Killed an orb of fire
 71840 | Zot:5    | Got the Orb of Zot
 72360 | D:1      | gg
 72361 | D:$      | Escaped with the Orb!

Illustrated notes

# ###.......#..######.....#.## ##
######...#...###...###.#..### .#
#..)..........!..### #.##...#
.###......#####......####.####.##
..##.###### #######........#...
#.##.# #####.##..... #.##.# #####
#........ #.##.# #...# ##.......
#.##.# #.@.# #......> ...†.#
#.R.# #....... ..##)# #..[#
#.......
#..#)###########'#########.......
##..........#......##)...........
....#########..!....######.......
###.# #.#####.# #....... #.#
#.#..#..# #....... #.# #.#..#.##
#.......


Turn 72360 on D:1: gg

Levels and vault maps discovered:
D:1:      dpeg_arrival_erosion, layout_rooms
D:2:      layout_loops_ring
D:3:      corexii_shack_village, layout_basic, serial_shops, shop, minmay_puff
D:4:      layout_basic, minmay_temple_entry_enclosed_plants, grunt_tough_drop,
          uniq_ijyb, uniq_grinder
D:5:      nicolae_BIG_FREAKIN_CUBE, layout_basic, doesnt_shop_hydraphobe
D:6:      layout_loops_cross, chequers_temple_overflow_statue_of_worship,
          uniq_duvessa, uniq_menkaure
D:7:      dreamdust_elfheim, layout_loops_ring, kennysheep_ying_yang
D:8:      minmay_flawed_box, layout_loops_ring, minivault_14, st_stairs_10,
          nicolae_zig_zag_zippers
D:9:      layout_roguey [special_room_orc], grunt_gozag_breadcrumbs
D:10:     layout_rooms, minmay_lair_entry_grove, enter_bailey_2,
          serial_bayou_lake_a
D:11:     layout_stronghold, orc_david_3, serial_column_ruins, column_ruins_hut,
          column_ruins_open_tiny, column_ruins_open_tiny,
          column_ruins_open_medium, column_ruins_grid_3,
          column_ruins_corridor_straight
D:12:     nzn_motion_control, layout_long_grid, lemuel_zombie_altar_yredelemnul,
          uniq_nessos, uniq_urug, uniq_maurice
D:13:     layout_loops_ring, skrybe_vaults_entry_preservation,
          gammafunk_ghost_mausoleum, hangedman_decor_riveting, minivault_20,
          zin_purify, uniq_snorg
D:14:     layout_long_grid, minmay_tree_intersection, minivault_14,
          minivault_10, minmay_misc_feat_nine_boxes,
          chequers_serial_rivers_large_b, nicolae_tso_swordbearing_angel,
          uniq_jorgrun
D:15:     hangedman_spin_cycle
Temple:   eino_wide_crystal_templ
Lair:1:   layout_layer_cave, infiniplex_staircase_pool_2, grunt_megastairs_5,
          serial_bayou_shore_a, uniq_sonja
Lair:2:   mu_elephants_graveyard, layout_gridlike, chequers_serial_rivers_room_b
Lair:3:   layout_regular_city, swamp_mist, guppyfry_snake_entry_island,
          beast_lair_carwin_5
Lair:4:   layout_regular_city, infiniplex_staircase_pool
Lair:5:   minmay_lair_end_frog_pond, layout_layer_cave,
          minmay_slime_entry_pillars, gammafunk_ghost_hydra_chop, st_stairs_10,
          nicolae_lair_lil_pond, grunt_forest_small_clearings
Swamp:1:  layout_basic_swamp, nicolae_swamp_reclaimed_castle, swamp_pool_3,
          nicolae_swamp_stuck_in_the_mud, nicolae_swamp_snake_nest
Swamp:2:  layout_basic_swamp, evilmike_swamp_ruin_house_1
Swamp:3:  nicolae_swamp_secret_spriggan_hideout, layout_basic_swamp,
          evilmike_swamp_ruin_house_4, swamp_pool_1_2
Swamp:4:  byrel_swamp_growth_death_and_undeath, layout_basic_swamp, uniq_aizul
Snake:1:  layout_chambers
Snake:2:  layout_chambers, guppyfry_library_mini, nicolae_integral_box
Snake:3:  layout_cave_town, portal_ice_cave_entry_ugly_swarm,
          ebering_ghost_disaster_area, uniq_agnes, uniq_louise
Snake:4:  snake_pit, layout_basic, serial_shops, shop, nicolae_shop_self_help,
          serial_bayou_shore_b
Slime:1:  layout_caves
Slime:2:  layout_caves, nicolae_slime_barrier
Slime:3:  layout_caves
Slime:4:  layout_caves
Slime:5:  slime_pit_nicolae_royal_road_to_ruin
Orc:1:    layout_diamond_mine, enter_volcano_3, special_room [special_room_bee],
          kennysheep_orc_sif_temple
Orc:2:    grunt_orc_community_town_hall, layout_caves,
          grunt_orc_community_big_house_2, grunt_orc_community_big_house_2,
          grunt_orc_community_house_1, grunt_orc_community_house_1,
          grunt_orc_community_house_1, grunt_orc_community_house_1,
          serial_shops, nicolae_shop_tiny_waterfront, basic_altar
Elf:1:    layout_geoelf_octagon, hangedman_elf_disciples, uniq_nikola
Elf:2:    nicolae_elf_blades_crystal_corner, layout_rooms, serial_shops, shop
Elf:3:    minmay_elf_hall_x, layout_gridlike, basic_altar, grunt_megastairs_2
Vaults:1: mu_enter_wizlab_5, dpeg_vaults_hating_casters, vaults_room_boxed,
          v_misc_14, v_misc_22, ontoclasm_vaults_gateway, v_rooms_3,
          nicolae_vaults_ring_of_whatevers, nicolae_vaults_tetromino_L_1,
          layout_vaults_maze_snakey
Vaults:2: nicolae_vaults_library_corner, nicolae_vaults_little_squares_4,
          v_misc_19, v_pattern_3, nicolae_vaults_house_1,
          nicolae_vaults_surprise_closet, layout_vaults_omnigrid, serial_shops,
          nicolae_shop_window_shopping, uniq_zenata
Vaults:3: minmay_crypt_entry_vampire_xt, nicolae_vaults_layer_cake_slice,
          vaults_dpeg_encased_lava, nicolae_vaults_trapezoid_lopsided_1,
          nicolae_vaults_mitosis, nicolae_vaults_trapezoid_lopsided_1,
          nicolae_vaults_more_shelving_2, vaults_dpeg_emergency_exit, v_misc_19,
          vaults_room_mumra_shop_pool, nicolae_vaults_offset_grid_hallway_1,
          hangedman_vaults_impose, nicolae_vaults_specimen_jars,
          nicolae_vaults_double_plus_1, v_misc_13, layout_vaults_omnibox,
          serial_shops, shop
Vaults:4: hangedman_vaults_unwind, nicolae_vaults_circle_grid_b,
          nicolae_vaults_know_your_exits, nicolae_vaults_meiosis,
          nicolae_vaults_turnstiles, dpeg_vaults_monster_box,
          vaults_mumra_hexcomb, hangedman_vaults_stream, vaults_dpeg_ring,
          ontoclasm_vaults_ligature, nicolae_vaults_trapezoid_3, v_misc_17,
          vaults_dpeg_diagonal, layout_vaults_ring
Depths:1: layout_basic, grunt_pan_entry_spiral, serial_curves, eino_curves_04,
          eino_curves_03, hell_entry, minmay_misc_feat_roman, serial_shops,
          bzr_entry_islet, minivault_16, hangedman_cracks_in_the_wall,
          serial_bayou_shore_b
Depths:2: minmay_expanding_squares, layout_small_grid, serial_shops,
          bzr_entry_safe, rand_demon_pan_entry_8, serial_bayou_pond_e,
          grunt_hell_entry_dis_grunt, minmay_shoptagon,
          infiniplex_staircase_spiral
Depths:3: nzn_winding_woodlands_large [nzn_winding_woodlands_5x5_perimeter,
          nzn_winding_woodlands_5x15_crooked,
          nzn_winding_woodlands_5x5_closed_star,
          nzn_winding_woodlands_center_diamonds,
          nzn_winding_woodlands_15x15_thick_spiral,
          nzn_winding_woodlands_center_lodge,
          nzn_winding_woodlands_5x5_checkerboard,
          nzn_winding_woodlands_5x15_pool, nzn_winding_woodlands_5x5_cross],
          layout_basic, enter_ziggurat_e, abyss_entry, pf_hell_entry_tar_spiral,
          hangedman_abyss_or_decor_clamps, enter_trove_5, serial_shops,
          nicolae_square_shop, pan_entry
Depths:4: evilmike_zot_entry_diamond, layout_twisted_cross,
          serial_co_window_serial, co_window_paths_a, co_window_paths_a,
          co_window_paths_b, co_window_of_opportunity_a, co_window_paths_b,
          co_window_unsneaky_path_c, co_window_unsneaky_path_e,
          co_window_broadway_c, glass_columns_b, glass_columns_a, hell_entry
Zot:1:    gammafunk_sealed_library, layout_cathedral_of_symmetry
Zot:2:    layout_onion_interference, uniq_parghit
Zot:3:    layout_basic, hangedman_zot_decor_slant
Zot:4:    layout_gridville, hangedman_xom_zot_hilarity, uniq_grunn
Zot:5:    layout_gridlike

Skill      XL: |  1  2  3  4  5  6  7  8  9 10 11 12 13 14 15 16 17 18 19 20 21 22 23 24 25 |
---------------+----------------------------------------------------------------------------+-----
Conjurations   | 1 2 4 7 10 11 12 15 | 15.7
Spellcasting   | 3 4 5 7 10 12 13 15 16 17 18 | 18.0
Air Magic      | 3 4 6 7 9 10 11 13 | 13.0
Fighting       | 1 2 3 4 6 8 9 12 14 17 19 | 19.0
Invocations    | 2 8 9 10 | 10.0
Evocations     | 4 6 10 11 12 | 12.0
Fire Magic     | 4 9 11 13 | 13.0
Ice Magic      | 4 6 |  6.0
Dodging        | 4 8 12 14 15 | 15.0
Shields        | 3 5 |  5.0
Necromancy     | 8 |  8.0
Earth Magic    | 6 9 12 14 15 | 15.7
Stealth        | |  1.5

Action                     |  1- 3 |  4- 6 |  7- 9 | 10-12 | 13-15 | 16-18 | 19-21 | 22-24 | 25-27 || total
---------------------------+-------+-------+-------+-------+-------+-------+-------+-------+-------++-------
  Melee: Unarmed           |     2 |       |       |       |       |       |       |       |       ||     2
         Whip              |       |     7 |     5 |       |       |       |       |       |       ||    12
         Hand axe          |       |    15 |     9 |       |       |       |       |       |       ||    24
         Staff             |       |       |     5 |    80 |    94 |    60 |    36 |    22 |     4 ||   301
         Punch             |       |       |       |     2 |     2 |       |       |       |       ||     4
   Cast: Shock             |    94 |   162 |   127 |   306 |    32 |       |       |     1 |       ||   722
         Airstrike         |       |     4 |    19 |   102 |    43 |    10 |       |     4 |       ||   182
         Arcjolt           |       |       |       |    16 |   208 |   102 |   104 |    28 |     4 ||   462
         Static Discharge  |       |       |       |     1 |       |       |       |       |       ||     1
         Swiftness         |       |       |       |       |     2 |       |       |       |       ||     2
         Ozocubu's Armour  |       |       |       |       |     3 |       |     1 |       |       ||     4
         Plasma Beam       |       |       |       |       |    25 |   377 |   323 |   502 |    47 ||  1274
         Borgnjor's Vile C |       |       |       |       |       |       |    12 |     7 |       ||    19
         Bombard           |       |       |       |       |       |       |     3 |    24 |    13 ||    40
 Invoke: Ancestor Identity |       |       |     1 |       |       |       |       |       |       ||     1
         Ancestor Life: Ba |       |       |     1 |       |       |       |       |       |       ||     1
         Recall Ancestor   |       |       |       |     2 |     1 |     7 |    11 |     6 |     5 ||    32
         Idealise          |       |       |       |       |       |     1 |     5 |     7 |     1 ||    14
         Transference      |       |       |       |       |       |     1 |       |       |       ||     1
  Evoke: Wand              |       |       |       |       |    10 |    21 |    11 |     4 |       ||    46
         Phial of floods   |       |       |       |       |       |       |     1 |     1 |       ||     2
         Tin of tremorston |       |       |       |       |       |       |     1 |     2 |       ||     3
         Box of beasts     |       |       |       |       |       |       |       |     1 |       ||     1
    Use: Scroll            |       |       |    10 |     5 |     6 |     5 |     3 |    15 |     1 ||    45
   Stab: Distracted        |       |       |       |       |       |     1 |     1 |     1 |       ||     3
 Armour: Robe              |     7 |    37 |    17 |       |    55 |   276 |   256 |   211 |    13 ||   872
         Steam dragon scal |       |       |    28 |   214 |   246 |       |       |       |       ||   488
  Dodge: Dodged            |     6 |    26 |    27 |   133 |   212 |   169 |   244 |   249 |    23 ||  1089
  Block: Buckler           |       |       |       |       |       |    27 |    29 |       |       ||    56

Table legend: (Time is in decaauts)
 A = Elapsed time spent in this place.
 B = Non-inter-level travel time spent in this place.
 C = Inter-level travel time spent in this place.
 D = Time resting spent in this place.
 E = Time spent auto-exploring this place.
 F = Levels seen in this place.
 G = Mean time per level.
                   A        B        C        D        E       F      G
               +--------+--------+--------+--------+--------+-----+--------+
         Total |  73021 |  68211 |   4810 |  27657 |  27557 |  58 | 1259.0 |
       Dungeon |  20747 |  18664 |   2083 |   6501 |   8641 |  15 | 1383.1 |
        Temple |     30 |      2 |     28 |      0 |      0 |   1 |   30.0 |
          Lair |   9466 |   8801 |    665 |   3223 |   4129 |   5 | 1893.2 |
         Swamp |   6547 |   6047 |    500 |   3220 |   1941 |   4 | 1636.8 |
     Snake Pit |   7568 |   7286 |    282 |   3441 |   2903 |   4 | 1892.0 |
    Slime Pits |   1996 |   1938 |     58 |    960 |    468 |   5 |  399.2 |
  Orcish Mines |   2346 |   1963 |    383 |    467 |    928 |   2 | 1173.0 |
   Elven Halls |   4836 |   4640 |    196 |   2340 |   1510 |   3 | 1612.0 |
        Vaults |   5110 |   4814 |    296 |   1345 |   2491 |   4 | 1277.5 |
        Depths |   5387 |   5212 |    175 |   1852 |   2233 |   4 | 1346.8 |
           Zot |   6906 |   6766 |    140 |   3410 |   1803 |   5 | 1381.2 |
        Bazaar |    120 |    120 |      0 |      0 |     94 |   2 |   60.0 |
        Bailey |    580 |    580 |      0 |    288 |    106 |   1 |  580.0 |
      Ice Cave |    712 |    712 |      0 |    472 |     57 |   1 |  712.0 |
       Volcano |    403 |    403 |      0 |    138 |    144 |   1 |  403.0 |
        Wizlab |    260 |    260 |      0 |      0 |    107 |   1 |  260.0 |
               +--------+--------+--------+--------+--------+-----+--------+

Top non-repeatable levels by time:
  Lair:5: 2942 daAuts
 Swamp:3: 2808 daAuts
 Snake:4: 2723 daAuts
    D:15: 2503 daAuts
 Snake:2: 2282 daAuts
   Elf:3: 2248 daAuts
   Zot:5: 2166 daAuts
     D:3: 2143 daAuts
  Lair:2: 2123 daAuts
    D:11: 2036 daAuts
Depths:3: 1819 daAuts
  Lair:1: 1804 daAuts
Depths:1: 1771 daAuts
Vaults:4: 1735 daAuts
   Zot:1: 1579 daAuts
